 Dungeon Crawl Stone Soup version 0.28-a0-1374-ga75cb3825e (webtiles) character file.

Game seed: 4066677954794585102

2 Clumpoid the Skirmisher (level 1, 0/19 HPs)
             Began as a Ghoul Fighter on Dec 31, 2021.
             Slain by a jackal (2 damage)
             ... on level 1 of the Dungeon.
             The game lasted 00:00:10 (102 turns).

Clumpoid the Skirmisher (Ghoul Fighter)              Turns: 102, Time: 00:00:11

Health: 0/19       AC:  6    Str: 19    XL:     1   Next: 40%
Magic:  0/0        EV:  9    Int:  3    God:
Gold:   0          SH:  4    Dex:  8    Spells: 0/0 levels left

rFire   . . .      SeeInvis .   a - +0 trident
rCold   + . .      Faith    .   c - +0 buckler
rNeg    + + +      Spirit   .   b - +0 scale mail
rPois   ∞          Reflect  .   (no helmet)
rElec   .          Harm     .   (no cloak)
rCorr   .          Rampage  .   (no gloves)
Will    .....                   (no boots)
Stlth   ..........              (no amulet)
HPRegen 0.00/turn               (no ring)
MPRegen 0.07/turn               (no ring)

@: mighty, inhibited regen
A: claws 1, cold resistance 1, negative energy resistance 3, inhibited
regeneration, torment resistance 2
a: no special abilities


You were on level 1 of the Dungeon.
You visited 1 branch of the dungeon, and saw 1 of its levels.

Inventory:

Hand Weapons
 a - a +0 trident (weapon)
Armour
 b - a +0 scale mail (worn)
 c - a +0 buckler (worn)
Scrolls
 e - a scroll of immolation {unknown}


   Skills:
 + Level 3.3 Fighting
 * Level 1.9 Polearms
 + Level 2.7 Armour
 + Level 2.7 Shields


You couldn't memorise any spells.
You didn't know any spells.
Your spell library was empty.

Dungeon Overview and Level Annotations

Branches:
Dungeon (1/15)

Altars:


Innate Abilities, Weirdness & Mutations

You thrive by killing the living.
You are immune to poison.
You have sharp fingernails.
Your flesh is cold resistant. (rC+)
You are immune to negative energy. (rN+++)
You do not regenerate when monsters are visible.
You are immune to unholy pain and torment.


Message History

The jackal bites you but does no damage.
You barely miss the jackal. The jackal barely misses you. The jackal bites you.
The jackal bites you but does no damage.
You block the jackal's attack.
The jackal bites you but does no damage.
The jackal bites you. The jackal barely misses you.
You hit the jackal.
The jackal is heavily wounded.
The jackal bites you.
The jackal bites you but does no damage. x3
The jackal closely misses you. The jackal barely misses you.
The jackal bites you but does no damage. x2
You closely miss the jackal.
The jackal is heavily wounded.
The jackal barely misses you.
The jackal bites you but does no damage. x2
You block the jackal's attack. The jackal closely misses you.
The jackal bites you.
* * * LOW HITPOINT WARNING * * *
The jackal barely misses you.
The jackal bites you but does no damage.
You completely miss the jackal.
The jackal is heavily wounded.
The jackal bites you but does no damage. x3
The jackal barely misses you. The jackal closely misses you.
The jackal bites you but does no damage.
You block the jackal's attack.
You feel very mighty all of a sudden.
The jackal bites you but does no damage.
The jackal barely misses you. The jackal bites you.
* * * LOW HITPOINT WARNING * * *
The jackal bites you.
* * * LOW HITPOINT WARNING * * *
You block the jackal's attack.
You puncture the jackal!
You kill the jackal!
You block the jackal's attack.
The jackal bites you but does no damage.
The jackal bites you.
You die...

#. #<#.# .###.####
#+#.###### ........#
#...##.... ........#
###....###
........############.###
........#......#........
........#.####.....#.###
#.(.!.hh†.# #.###.#.#
#.....h@### #.# #...#
####.#### #.###.### ..
#..†..# # ###.### #.#
#.# #.. ###


You could see 3 jackals.

Vanquished Creatures
  An endoplasm (D:1)
  A jackal (D:1)
  A frilled lizard (D:1)
  A rat (D:1)
4 creatures vanquished.

Notes
Turn   | Place    | Note
-------+----------+-------------------------------------------
     0 | D:1      | Clumpoid the Ghoul Fighter began the quest for the Orb.
     0 | D:1      | Reached XP level 1. HP: 19/19 MP: 0/0
   102 | D:1      | Slain by a jackal

Illustrated notes

Levels and vault maps discovered:
D:1:      dpeg_arrival_tiny_c, layout_loops_ring

Action                   || total
-------------------------++-------
Melee: Trident           ||    19
  Use: Potion            ||     1
Armor: Scale mail        ||    24
Dodge: Dodged            ||    21
Block: Buckler           ||     9

Table legend: (Time is in decaauts)
 A = Elapsed time spent in this place.
 B = Non-inter-level travel time spent in this place.
 C = Inter-level travel time spent in this place.
 D = Time resting spent in this place.
 E = Time spent auto-exploring this place.
 F = Levels seen in this place.
 G = Mean time per level.
                   A        B        C        D        E       F      G
               +--------+--------+--------+--------+--------+-----+--------+
         Total |    106 |    106 |      0 |      0 |     69 |   1 |  106.0 |
       Dungeon |    106 |    106 |      0 |      0 |     69 |   1 |  106.0 |
               +--------+--------+--------+--------+--------+-----+--------+

Top non-repeatable levels by time:
     D:1: 106 daAuts
